 Dungeon Crawl Stone Soup version 0.31-a0-986-g5e6e4ef867 (webtiles) character file.

Game seed: 11549821011003371549

1479 FakeRyeBread the Cudgeller (level 8, -1/51 HPs)
             Began as a Gargoyle Fighter on Nov 4, 2023.
             Was an Initiate of Okawaru.
             Slain by Edmund
             ... wielding a +1 dire flail of draining
              (9 damage)
             ... on level 6 of the Dungeon.
             The game lasted 00:15:45 (5679 turns).

FakeRyeBread the Cudgeller (Gargoyle Fighter)       Turns: 5679, Time: 00:15:48

Health: -1/51      AC: 15    Str: 22    XL:     8   Next: 79%
Magic:  8/8        EV:  6    Int:  9    God:    Okawaru [......]
Gold:   238        SH: 13    Dex:  9    Spells: 7/7 levels left

rFire   . . .        q - +2 whip (flame)
rCold   . . .        u - +0 tower shield
rNeg    + . .        e - +0 chain mail
rPois   ∞            (no helmet)
rElec   +            (no cloak)
rCorr   +            (no gloves)
SInv    .            (no boots)
Will    .....        r - amulet of faith Stlth
                     n - ring of resist corrosion
HPRegen 0.28/turn    (no ring)
MPRegen 0.11/turn

%: faith
@: mighty
A: sickness immunity, AC +5, negative energy resistance 1, electricity
resistance, torment resistance 1, petrification resistance
a: Renounce Religion


You were on level 6 of the Dungeon.
You worshipped Okawaru.
Okawaru was noncommittal.
You visited 2 branches of the dungeon, and saw 7 of its levels.
You also visited: Sewer.

You collected 238 gold pieces.

Inventory:

Hand Weapons
 a - a +0 flail
 q - a +2 whip of flaming (weapon)
Missiles
 j - 13 javelins
 l - a throwing net
 p - 5 boomerangs (quivered)
Armour
 c - a +0 buckler
 e - a +0 chain mail (worn)
 u - a +0 tower shield (worn)
Jewellery
 n - a ring of resist corrosion (left hand)
 r - an amulet of faith (around neck)
Wands
 m - a wand of charming (11)
Scrolls
 h - a scroll of blinking
 i - 3 scrolls of teleportation
 t - a scroll of enchant armour {unknown}
Potions
 b - 2 potions of enlightenment
 d - a potion of might
 g - 2 potions of curing
 k - 2 potions of haste {unknown}
 o - a potion of cancellation {unknown}
 s - a potion of ambrosia {unknown}
 v - a potion of mutation {unknown}


   Skills:
 + Level 6.1 Fighting
 * Level 7.0 Maces & Flails
 + Level 6.2 Armour
 + Level 6.1 Shields


You had 7 spell levels left.
You didn't know any spells.
Your spell library contained the following spells:

 Spells                   Type           Power      Damage    Failure   Level
 Sting                    Tmut/Pois      0%         1d3       100%        1
 Poisonous Vapours        Pois/Air       0%         N/A       100%        2
 Wereblood                Tmut           0%         N/A       100%        2
 Mephitic Cloud           Conj/Pois/Air  0%         N/A       100%        3
 Olgreb's Toxic Radiance  Pois           0%         N/A       100%        4
 Passage of Golubria      Tloc           0%         N/A       100%        4
 Freezing Cloud           Conj/Ice/Air   0%         6-21      100%        5
 Irradiate                Conj/Tmut      0%         3d11      100%        5
 Yara's Violent Unravell  Hex/Tmut       0%         3d3       100%        5
 Tukima's Dance           Hex            Unusable   N/A       N/A         3

Dungeon Overview and Level Annotations

Branches:
Dungeon (6/15)             Temple (1/1) D:5           Sewer (visited)

Altars:
Ashenzari
Cheibriados
Dithmenos
Fedhas
Kikubaaqudgha
Makhleb
Okawaru
Qazlal
Ru
Sif Muna
Trog
Uskayaw
Wu Jian
Xom
Yredelemnul
Zin

Annotations:
D:6 Edmund, Eustachio


Innate Abilities, Weirdness & Mutations

You are immune to sickness and miasma.
Your stone body is resilient. (AC +5)
You are immune to poison.
You resist negative energy. (rN+)
You are resistant to electric shocks. (rElec)
You are resistant to unholy torment.
You are immune to petrification.


Message History

Okawaru accepts your kill.
The orc priest invokes the aid of Beogh against you.
Beogh smites you!
Your Maces & Flails skill increases to level 7!
You closely miss Edmund.
Edmund hits you with a +1 dire flail of draining.
You hit Edmund. You burn Edmund.
Edmund is lightly wounded.
The quasit disappears in a puff of smoke!
Edmund hits you with a +1 dire flail of draining!
* * * LOW HITPOINT WARNING * * *
You hit Edmund. You burn Edmund.
Edmund is moderately wounded.
You block Edmund's attack.
Eustachio mumbles some strange words.
Eustachio blinks!
You feel better.
Edmund hits you with a +1 dire flail of draining.
You feel very mighty all of a sudden. You block Edmund's attack.
You whack Edmund! You burn Edmund.
Edmund is severely wounded.
Edmund hits you with a +1 dire flail of draining.
You closely miss Edmund.
Edmund is severely wounded.
You block Edmund's attack.
You hit Edmund. You burn Edmund.
Edmund is severely wounded.
The orc priest miscasts a cantrip.
You block Edmund's attack. Edmund barely misses you.
The orc priest mumbles some strange prayers to Beogh against you.
Beogh smites you!
* * * LOW HITPOINT WARNING * * *
You closely miss Edmund.
Edmund is severely wounded.
Eustachio mumbles some strange words.
Eustachio blinks!
Edmund hits you with a +1 dire flail of draining!
You die...
Edmund says, "That'll show my brother!"

. .# .. #. .. #)
.... #. #.....
#.###########......
#...@@ooo5.......#
########o.§......#
#.........#
#..5......#
#.........####
#.............
#.........####
#.............
#..........#.#


You could see Edmund, an orc warrior, an orc priest, a shadow imp and 2 orcs.

Vanquished Creatures
  Pikel (D:4)
  Sigmund (D:2)
  A black bear (D:4)
  An ice beast (D:6)
  A centaur (D:4)
  A phantom (D:5)
  A kobold brigand (Sewer)
  A scorpion (D:4)
  A howler monkey (D:4)
  A hound (D:6)
  An iguana (D:5)
  A sleepcap (D:5)
  Jessica (D:2)
  2 orc wizards (D:4)
  10 adders
  A river rat (Sewer)
  A shadow imp (D:5)
  2 ufetubi (D:6)
  3 dart slugs
  7 orcs
  5 ball pythons
  7 bats
  10 endoplasms
  A giant cockroach (D:1)
  4 goblins
  5 hobgoblins
  6 jackals
  11 kobolds
  2 quokkas (D:1)
  2 frilled lizards
  15 rats
107 creatures vanquished.

Notes
Turn   | Place    | Note
-------+----------+-------------------------------------------
     0 | D:1      | FakeRyeBread the Gargoyle Fighter began the quest for the
                  | Orb.
     0 | D:1      | Reached XP level 1. HP: 14/14 MP: 1/1
   117 | D:1      | Reached XP level 2. HP: 19/19 MP: 2/2
   310 | D:1      | Reached XP level 3. HP: 23/23 MP: 3/3
   810 | D:2      | Found a faded altar of an unknown god.
   958 | D:2      | Noticed Jessica
   962 | D:2      | Killed Jessica
   963 | D:2      | Reached skill level 3 in Maces & Flails
   963 | D:2      | Reached XP level 4. HP: 29/29 MP: 4/4
  1635 | D:2      | Noticed Sigmund
  1652 | D:2      | Killed Sigmund
  1653 | D:2      | Reached skill level 4 in Maces & Flails
  1653 | D:2      | Reached XP level 5. HP: 34/34 MP: 5/5
  1653 | D:2      | Reached XP level 6. HP: 39/39 MP: 6/6
  1987 | D:3      | Found a glowing drain.
  1991 | Sewer    | Entered a sewer
  2224 | Sewer    | Found a white marble altar of Elyvilon.
  2309 | D:3      | Found a snail-covered altar of Cheibriados.
  2490 | D:3      | Found a bloodstained altar of Trog.
  3451 | D:4      | Found a sacrificial altar of Ru.
  3487 | D:4      | Noticed Pikel
  3540 | D:4      | Killed Pikel
  3541 | D:4      | Reached skill level 5 in Fighting
  3541 | D:4      | Reached skill level 5 in Maces & Flails
  3541 | D:4      | Reached skill level 5 in Armour
  3541 | D:4      | Reached skill level 5 in Shields
  3541 | D:4      | Reached XP level 7. HP: 19/44 MP: 7/7
  3541 | D:4      | Reached XP level 8. HP: 21/49 MP: 8/8
  3970 | D:4      | Reached skill level 6 in Maces & Flails
  4561 | D:5      | Entered Level 5 of the Dungeon
  5157 | D:5      | Found a staircase to the Ecumenical Temple.
  5163 | Temple   | Entered the Ecumenical Temple
  5205 | Temple   | Became a worshipper of Warmaster Okawaru
  5634 | D:6      | Noticed Eustachio
  5646 | D:6      | Noticed Edmund
  5671 | D:6      | Reached skill level 7 in Maces & Flails
  5679 | D:6      | Slain by Edmund

Illustrated notes

Levels and vault maps discovered:
D:1:      dpeg_arrival_tiny_a, layout_basic, minmay_unequal
D:2:      layout_rooms, serial_co_window_serial, co_window_paths_a,
          co_window_paths_a, co_window_paths_b, co_window_paths_a,
          co_window_paths_a, co_window_cross_1, co_window_cross_1,
          co_window_broadway_a, co_window_paths_c, co_window_broadway_a,
          co_window_corner_b, co_window_sun, glass_columns_a,
          shapermc_ecumenical_altar_notcrosses, uniq_jessica, uniq_sigmund
D:3:      layout_basic, nicolae_overflow_hidden_temple, kennysheep_slug_shrine,
          mainiacjoe_sewer_entry_somewhere_in_here_2, kennysheep_generic_room_10
D:4:      layout_loops_corners, nicolae_ru_sacrificial_ziggurat, uniq_pikel
D:5:      layout_cave_pools, minmay_temple_entry_fiery, chequers_avenue
D:6:      layout_basic, mainiacjoe_overflow_alcove_4, serial_demonic,
          serial_demonic_a, serial_demonic_a, serial_demonic_c,
          serial_demonic_d, kennysheep_nub, chequers_serial_rivers_room_a,
          hangedman_decor_riveting, nicolae_shop_sticking_my_neck_out,
          uniq_eustachio, uniq_crazy_yiuf_cottage, uniq_duvessa, uniq_edmund
Temple:   oiseaux_autumnal_temple

Skill      XL: |  1  2  3  4  5  6  7  8 |
---------------+-------------------------+-----
Maces & Flails | 3 4 5 7 |  7.0
Fighting       | 4 5 6 |  6.1
Armour         | 4 5 6 |  6.2
Shields        | 4 5 6 |  6.1

Action                     |  1- 3 |  4- 6 |  7- 9 || total
---------------------------+-------+-------+-------++-------
  Melee: Flail             |   107 |   210 |       ||   317
         Whip              |       |       |   141 ||   141
  Throw: Boomerang         |       |       |     1 ||     1
    Use: Scroll            |       |     9 |       ||     9
         Potion            |       |     4 |     3 ||     7
 Armour: Chain mail        |    75 |   142 |   189 ||   406
         Scale mail        |     5 |       |       ||     5
  Dodge: Dodged            |    40 |    72 |    48 ||   160
  Block: Buckler           |    26 |    33 |    20 ||    79
         Tower shield      |       |       |    72 ||    72

Table legend: (Time is in decaauts)
 A = Elapsed time spent in this place.
 B = Non-inter-level travel time spent in this place.
 C = Inter-level travel time spent in this place.
 D = Time resting spent in this place.
 E = Time spent auto-exploring this place.
 F = Levels seen in this place.
 G = Mean time per level.
                   A        B        C        D        E       F      G
               +--------+--------+--------+--------+--------+-----+--------+
         Total |   5795 |   4577 |   1218 |    419 |   2841 |   8 |  724.4 |
       Dungeon |   5398 |   4239 |   1159 |    349 |   2801 |   6 |  899.7 |
        Temple |     61 |      2 |     59 |      0 |      0 |   1 |   61.0 |
         Sewer |    334 |    334 |      0 |     70 |     40 |   1 |  334.0 |
               +--------+--------+--------+--------+--------+-----+--------+

Top non-repeatable levels by time:
     D:3: 1381 daAuts
     D:4: 1330 daAuts
     D:2: 1179 daAuts
     D:1: 697 daAuts
     D:5: 628 daAuts
   Sewer: 334 daAuts
     D:6: 181 daAuts
  Temple: 61 daAuts
